 Dungeon Crawl Stone Soup version 0.30-a0-161-gdd60e06945 (webtiles) character file.

Game seed: 17200256004121907578

121 qw the Chopper (level 5, -2/32 HPs)
             Began as a Gargoyle Fighter on Sept 27, 2022.
             Slain by Sigmund
             ... wielding a +0 scythe
              (6 damage)
             ... on level 3 of the Dungeon.
             The game lasted 00:00:58 (3277 turns).

qw the Chopper (Gargoyle Fighter)                   Turns: 3277, Time: 00:00:58

Health: -2/32      AC: 14    Str: 21    XL:     5   Next: 5%
Magic:  5/5        EV:  7    Int:  9    God:
Gold:   79         SH:  0    Dex:  9    Spells: 4/4 levels left

rFire   + . .      SeeInvis .    Y - +0 war axe
rCold   . . .      Faith    .    c - +0 buckler
rNeg    + . .      Spirit   .    f - +0 chain mail
rPois   inf        Reflect  .    k - +0 helmet
rElec   +          Harm     .    (no cloak)
rCorr   .          Rampage  .    (no gloves)
Will    .....                    (no boots)
Stlth   ..........               (no amulet)
HPRegen 0.10/turn                g - ring of protection from fire
MPRegen 0.09/turn                (no ring)

@: confused
A: sickness immunity, AC +4, negative energy resistance 1, electricity
resistance, torment resistance 1, petrification resistance
a: no special abilities


You were on level 3 of the Dungeon.
You visited 1 branch of the dungeon, and saw 3 of its levels.

You collected 79 gold pieces.


Innate Abilities, Weirdness & Mutations

You are immune to sickness and miasma.
Your stone body is resilient. (AC +4)
You are immune to poison.
You resist negative energy. (rN+)
You are resistant to electric shocks. (rElec)
You are resistant to unholy torment.
You are immune to petrification.


   Skills:
 - Level 3.2 Fighting
 + Level 4.6 Axes
 - Level 3.2 Armour
 - Level 3.2 Shields


You had 4 spell levels left.
You didn't know any spells.
Your spell library was empty.

Inventory:

Hand Weapons
 j - a +0 whip
 Y - a +0 war axe (weapon)
Armour
 c - a +0 buckler (worn)
 f - a +0 chain mail (worn)
 k - a +0 helmet (worn)
 m - a +0 pair of boots
 n - the +6 plate armour of Nemelex Xobeh's Whim {-Tele rN+ Str+4}
   (You found it on level 3 of the Dungeon)

   Str:       It affects your strength (+4).
   rN:        It protects you from negative energy.
   -Tele:     It prevents most forms of teleportation.
Jewellery
 g - a ring of protection from fire (left hand)
Scrolls
 e - 3 scrolls of identify
 l - a scroll of teleportation
Potions
 a - 2 potions of cancellation {unknown}
 b - a potion of lignification {unknown}
 d - a potion of might
 h - 2 potions of magic {unknown}
 i - a potion of haste {unknown}
 o - a potion of attraction {unknown}

Dungeon Overview and Level Annotations

Branches:
Dungeon (3/15)

Altars:

Shops:
D:3 (

Annotations:
D:3 Sigmund


Message History

You're too confused to attack without stumbling around!
There is a strange disturbance nearby!
You're too confused to attack without stumbling around!
There is a strange disturbance nearby!
Something hits you but does no damage.
You're too confused to attack without stumbling around!
There is a strange disturbance nearby!
You hear some strange, mumbled words.
A magic dart appears from out of thin air!
The magic dart hits you.
You're too confused to attack without stumbling around!
There is a strange disturbance nearby!
Something hits you but does no damage.
You're too confused to attack without stumbling around!
There is a strange disturbance nearby!
You're too confused to attack without stumbling around!
There is a strange disturbance nearby!
Something hits you.
You're too confused to attack without stumbling around!
There is a strange disturbance nearby!
You hear some strange, mumbled words.
You are more confused.
You're too confused to attack without stumbling around!
There is a strange disturbance nearby!
You hear some strange, mumbled words.
Something tries to affect you, but you resist.
You're too confused to attack without stumbling around!
There is a strange disturbance nearby!
You hear some strange, mumbled words.
A puff of flame appears from out of thin air!
The puff of flame hits you. You resist.
You're too confused to attack without stumbling around!
There is a strange disturbance nearby!
Something hits you!
You're too confused to attack without stumbling around!
There is a strange disturbance nearby!
You're too confused to attack without stumbling around!
There is a strange disturbance nearby!
Something hits you.
You die...

#.# ..# #.# #.# #
#.# ###.###.#
......{.#########
#.)..@........#
#############.#
####.# #....#
#.#### #.#######
#.#.....# ###
#.#.###.# ..#
#.#.# #.#


There were no monsters in sight!

Vanquished Creatures
  Robin (D:2)
  3 gnolls (D:3)
  An adder (D:2)
  A worm (D:2)
  3 dart slugs
  9 ball pythons
  5 bats
  5 endoplasms
  4 giant cockroaches (D:1)
  5 goblins
  9 hobgoblins
  A quokka (D:2)
  2 frilled lizards (D:3)
  4 kobolds
  6 rats
59 creatures vanquished.

Notes
Turn   | Place    | Note
-------+----------+-------------------------------------------
     0 | D:1      | qw the Gargoyle Fighter began the quest for the Orb.
     0 | D:1      | Reached XP level 1. HP: 14/14 MP: 1/1
     0 | D:1      | 0 ||| qw: Version: 0.2-a-10-g37ed214
     0 | D:1      | 0 ||| qw: Game counter: 666
     0 | D:1      | 0 ||| qw: Always use a shield: true
     0 | D:1      | 0 ||| qw: God list: Okawaru
     0 | D:1      | 0 ||| qw: Allow faded altars: false
     0 | D:1      | 0 ||| qw: Do Orc after D:15 true
     0 | D:1      | 0 ||| qw: Do second Lair branch before Depths: true
     0 | D:1      | 0 ||| qw: Lair rune preference: random
     0 | D:1      | 0 ||| qw: Plans: Normal, Zot:1-4, God:TSO, Crypt, Tomb,
                  | Pan, Slime:5, Hells, Abyss, Orb
     0 | D:1      | 0 ||| PLANNING D:1-11
    51 | D:1      | Reached skill level 2 in Axes
   126 | D:1      | Reached XP level 2. HP: 10/19 MP: 2/2
   496 | D:1      | 496 ||| Stepping ~*~*~tactically~*~*~ (stealth).
   501 | D:1      | 501 ||| Stepping ~*~*~tactically~*~*~ (stealth).
   597 | D:1      | Reached skill level 3 in Axes
   609 | D:1      | Found a faded altar of an unknown god.
   661 | D:1      | Reached XP level 3. HP: 10/23 MP: 3/3
   870 | D:1      | 870 ||| Stepping ~*~*~tactically~*~*~ (hiding).
  1141 | D:1      | 1141 ||| UPGRADING to ring of protection from fire.
  1142 | D:1      | 1142 ||| READING scroll labelled SISIHA IBAI.
  1243 | D:1      | 1243 ||| READING scroll labelled PANATI RUPS.
  1244 | D:1      | 1244 ||| READING scroll labelled SOUGRE YKHAYNIE.
  2152 | D:2      | Noticed Robin
  2158 | D:2      | Reached XP level 4. HP: 24/28 MP: 4/4
  2164 | D:2      | Killed Robin
  2165 | D:2      | Reached skill level 4 in Axes
  2492 | D:2      | 2492 ||| UPGRADING to +0 chain mail.
  2502 | D:2      | 2502 ||| DROPPING +0 scale mail.
  2503 | D:2      | 2503 ||| UPGRADING to +0 helmet.
  2508 | D:2      | 2508 ||| READING scroll labelled WEDITT DIUSCH.
  2641 | D:3      | 2641 ||| Stepping ~*~*~tactically~*~*~ (hiding).
  2655 | D:3      | HP: 7/28 [gnoll/+0 spear (3)]
  2656 | D:3      | 2656 ||| READING scroll of teleportation.
  2888 | D:3      | Reached XP level 5. HP: 32/32 MP: 5/5
  2913 | D:3      | Found Tuix's Weapon Shop.
  3056 | D:3      | Identified the +6 plate armour of Nemelex Xobeh's Whim
                  | {-Tele rN+ Str+4}
  3185 | D:3      | Found the +7 staff of the Meek {protect, meekguard}
  3240 | D:3      | Noticed Sigmund
  3241 | D:3      | 3241 ||| Stepping ~*~*~tactically~*~*~ (hiding).
  3275 | D:3      | HP: 4/32 [something (8)]
  3277 | D:3      | Slain by Sigmund

Levels and vault maps discovered:
D:1:      tarquinn_simple_flora_water_a, layout_basic,
          shapermc_ecumenical_altar_mp_highgroup, minmay_bisected
D:2:      layout_basic, nicolae_titane, uniq_robin
D:3:      layout_basic, serial_shops, nicolae_shop_bloodbath_and_beyond,
          uniq_sigmund

Skill      XL: |  1  2  3  4 |
---------------+-------------+-----
Axes           | 2 3 4 |  4.6
Fighting       | |  3.2
Armour         | |  3.2
Shields        | |  3.2

Action                   |  1- 3 |  4- 6 || total
-------------------------+-------+-------++-------
Melee: War axe           |   119 |    74 ||   193
  Use: Scroll            |     3 |     2 ||     5
Armor: Scale mail        |    57 |    15 ||    72
       Chain mail        |       |    32 ||    32
Dodge: Dodged            |    50 |    21 ||    71
Block: Buckler           |    17 |    15 ||    32

Table legend:
 A = Non-vault XP
 B = Vault XP
 C = Vault XP percentage of total XP
 D = Non-vault monster count
 E = Vault monster count
 F = Vault count percentage of total count
                 A         B        C        D         E       F
            +---------+---------+-------+---------+---------+-------
      Total |     136 |      37 |  21.4 |      47 |      12 |  20.3
            +---------+---------+-------+---------+---------+-------
        D:1 |      39 |       5 |  11.4 |      20 |       3 |  13.0
        D:2 |      41 |      32 |  43.8 |      14 |       9 |  39.1
        D:3 |      56 |       0 |   0.0 |      13 |       0 |   0.0
            +---------+---------+-------+---------+---------+-------
